 Dungeon Crawl Stone Soup version 0.28.0-43-g3370ac3207 (webtiles) character file.

Game seed: 10660799817935256397

112 pkoi the Gusty (level 4, -1/27 HPs)
             Began as an Octopode Air Elementalist on Mar 17, 2022.
             Slain by an ufetubus (4 damage)
             ... summoned by Eustachio
             ... on level 4 of the Dungeon.
             The game lasted 00:02:26 (2823 turns).

pkoi the Gusty (Octopode Air Elementalist)          Turns: 2823, Time: 00:02:26

Health: -1/27      AC:  1    Str: 13    XL:     4   Next: 95%
Magic:  4/7        EV: 13    Int: 19    God:
Gold:   55         SH:  0    Dex: 12    Spells: 6/7 levels left

rFire   . . .      SeeInvis .   g - +0 spear (venom)
rCold   . . .      Faith    .   (no shield)
rNeg    . . .      Spirit   .   (helmet restricted)
rPois   .          Reflect  .   (no amulet)
rElec   .          Harm     .   e - +6 ring of strength
rCorr   .          Rampage  .   (no ring)
Will    .....                   (no ring)
Stlth   +++.......              (no ring)
HPRegen 0.09/turn               (no ring)
MPRegen 0.10/turn               (no ring)
                                (no ring)
                                (no ring)

@: no status effects
A: almost no armour, amphibious, 8 rings, camouflage 1, gelatinous body 1,
(nimble swimmer 1), tentacles
a: no special abilities


You were on level 4 of the Dungeon.
You visited 1 branch of the dungeon, and saw 3 of its levels.

You collected 55 gold pieces.

Inventory:

Hand Weapons
 a - a +0 hand axe
 b - a +0 dagger
 g - a +0 spear of venom (weapon)
Jewellery
 e - a +6 ring of strength (left tentacle)
Scrolls
 c - a scroll of magic mapping {unknown}
 h - a scroll of teleportation {unknown}
Potions
 d - a potion of resistance {unknown}
 f - a potion of brilliance {unknown}


   Skills:
 - Level 2.0 Dodging
 - Level 2.6 Stealth
 - Level 2.0 Spellcasting
 - Level 1.0 Conjurations
 + Level 5.4 Air Magic


You had 6 spell levels left.
You knew the following spells:

 Your Spells              Type           Power      Damage    Failure   Level
a - Shock                 Conj/Air       56%        1d6       4%          1

Your spell library contained the following spells:

 Spells                   Type           Power      Damage    Failure   Level
 Swiftness                Air            22%        N/A       5%          3
 Static Discharge         Conj/Air       14%        N/A       7%          2
 Animate Skeleton         Necr           2%         N/A       17%         1
 Pain                     Necr           4%         1d4       17%         1
 Airstrike                Air            11%        N/A       19%         4
 Dazzling Flash           Conj/Hex       6%         N/A       38%         3
 Vampiric Draining        Necr           1%         2d6       45%         3
 Iskenderun's Mystic Bla  Conj/Tloc      3%         2d3       80%         4
 Starburst                Conj/Fire      1%         6d3       100%        6


Dungeon Overview and Level Annotations

Branches:
Dungeon (2/15)

Altars:

Annotations:
D:4 Eustachio


Innate Abilities, Weirdness & Mutations

You cannot wear most types of armour.
You are amphibious.
You can wear up to eight rings at the same time.
Your skin changes colour to match your surroundings (Stealth+).
Your rubbery body absorbs attacks. (AC +1, EV +1)
((You are camouflaged when in or above water. (Stealth+)))
You have tentacles for arms and can constrict up to eight enemies at once.


Message History

Eustachio is lightly wounded.
You constrict Eustachio.
Eustachio mumbles some strange words.
Unknown command.
You hit Eustachio but do no damage.
Eustachio looks as sick as possible!
Eustachio is lightly wounded.
You constrict Eustachio. Eustachio hits you with a +0 falchion.
* * * LOW HITPOINT WARNING * * *
Unknown command.
You hit Eustachio but do no damage.
Eustachio is lightly wounded.
You constrict Eustachio, but do no damage.
The ufetubus barely misses you. The ufetubus closely misses you.
Eustachio mumbles some strange words.
Eustachio blinks free!
The ufetubus hits you.
* * * LOW HITPOINT WARNING * * *
The ufetubus barely misses you.
Eustachio mumbles some strange words.
Aiming: Shock (safe; 4% risk of failure)
Press: ? - help, Q - select action Shift-Dir - straight line, f/p - Eustachio
Aim: Eustachio, wielding a +0 falchion and wearing a +0 leather armour of willpower (moderately wounded, extremely poisoned, 60% to hit)
The zap hits the rat.
The rat is severely wounded.
The zap hits the iguana.
The iguana is lightly wounded.
The zap hits Eustachio.
Eustachio is moderately wounded.
The zap hits the quasit.
The quasit is heavily wounded.
The zap misses the quasit.
The ufetubus hits you.
* * * LOW HITPOINT WARNING * * *
The ufetubus hits you.
* * * LOW HITPOINT WARNING * * *
The rat closely misses you. The ufetubus completely misses you.
The ufetubus misses you. The ufetubus hits you.
* * * LOW HITPOINT WARNING * * *
The ufetubus hits you.
You die...

## <... . .....
#.####..... #.#.5.....l
#.5rb...... #)#
#..####l# #.....5r#
#.#####@# #.# ###.# #.#
#...# #.# #.#.# ######
#.# #.#.# .....###.#
#.#.# .........###.#.#
...........##....#######
..####.##.##.#..........


You could see an iguana, 2 quasits, an ufetubus (summoned), a bat (summoned) and
2 rats.

Vanquished Creatures
  An iguana (D:4)
  2 gnolls (D:2)
  2 adders (D:2)
  2 dart slugs
  2 bats (D:2)
  2 giant cockroaches (D:1)
  4 goblins
  9 hobgoblins
  A kobold (D:1)
  5 quokkas
  5 ball pythons
  4 frilled lizards
  4 rats (D:1)
43 creatures vanquished.

Notes
Turn   | Place    | Note
-------+----------+-------------------------------------------
     0 | D:1      | pkoi the Octopode Air Elementalist began the quest for the
                  | Orb.
     0 | D:1      | Reached XP level 1. HP: 11/11 MP: 3/3
   217 | D:1      | Reached XP level 2. HP: 17/17 MP: 0/5
   519 | D:1      | Found a faded altar of an unknown god.
   710 | D:1      | Reached skill level 4 in Air Magic
   885 | D:1      | Reached XP level 3. HP: 21/21 MP: 3/6
  1952 | D:2      | Reached XP level 4. HP: 27/27 MP: 7/7
  2027 | D:2      | Reached skill level 5 in Air Magic
  2432 | D:2      | You fall into a shaft and drop 2 floors!
  2809 | D:4      | Noticed Eustachio
  2823 | D:4      | Slain by an ufetubus

Illustrated notes

Levels and vault maps discovered:
D:1:      dpeg_arrival_arbitrary_b, layout_basic,
          hellmonk_ecumenical_altar_pennies_from_heaven
D:2:      layout_loops_ring, dk_noncrumbling_2
D:4:      layout_loops_ring, temple_statues, uniq_eustachio

Skill      XL: |  1  2  3  4 |
---------------+-------------+-----
Air Magic      | 4 5 |  5.4
Dodging        | |  2.0
Stealth        | |  2.6
Spellcasting   | |  2.0
Conjurations   | |  1.0

Action                   |  1- 3 |  4- 6 || total
-------------------------+-------+-------++-------
Melee: Hand axe          |    10 |       ||    10
       Constrict         |     7 |     2 ||     9
       Tentacles         |     2 |     2 ||     4
       Dagger            |     7 |       ||     7
       Punch             |     1 |       ||     1
       Spear             |       |    10 ||    10
 Cast: Shock             |    57 |    25 ||    82
 Stab: Sleeping          |     1 |       ||     1
Dodge: Dodged            |    11 |    11 ||    22
